BSA
GREENVILLE 84S @ FRESNO DEPLORABLES
10/15/2027
 
TOP OF THE 1ST
Greenville 84s batting - Pitching for Fresno Deplorables : RHP Dionisio Penni
Pitching: RHP Dionisio Penni
Batting: RHB Carlos Torres 0-0: DOUBLE (Line Drive, 78XD)
Batting: LHB Chris Moore 0-0: Swinging Strike
0-1: Foul Ball, location: 2F
0-2: Ball
1-2: Fly out, F8 (Flyball, 8RD)
Runner from 2nd tags up, SAFE at 3rd, no throw
Batting: RHB Enzo Díaz 0-0: Ball
1-0: Ball
2-0: Ground out 5-3 (Groundball, 56)
Carlos Torres scores
Batting: LHB Brock Larsen 0-0: Foul Ball, location: 2F
0-1: Called Strike
0-2: Ball
1-2: Ball
2-2: Foul Ball, location: 2F
2-2: Foul Ball, location: 2F
2-2: Ball
3-2: Strikes out swinging
Top of the 1st over - 1 run(s), 1 hit(s), 0 error(s), 0 left on base; Greenville 1 - Fresno 0
BOTTOM OF THE 1ST
Fresno Deplorables batting - Pitching for Greenville 84s : LHP Darrell Harding
Pitching: LHP Darrell Harding
Batting: RHB Dani Vázquez 0-0: Ball
1-0: SINGLE (Line Drive, 89S)
Batting: RHB Aaron Scott 0-0: Ball
1-0: Foul Ball, location: 2F
1-1: Swinging Strike
1-2: Ball
2-2: DOUBLE (Flyball, 78M)
Dani Vázquez to third
Batting: LHB Jeff Daniels 0-0: Called Strike
0-1: Foul Ball, location: 2F
0-2: Foul Ball, location: 2F
0-2: Strikes out swinging
Batting: LHB Troy Donaldson 0-0: Ball
1-0: Ball
2-0: Ground out 4-3 (Groundball, 4)
Dani Vázquez scores
Aaron Scott to third
Batting: RHB Manolo Román 0-0: Fly out, F9 (Flyball, 9S)
Bottom of the 1st over - 1 run(s), 2 hit(s), 0 error(s), 1 left on base; Greenville 1 - Fresno 1
TOP OF THE 2ND
Greenville 84s batting - Pitching for Fresno Deplorables : RHP Dionisio Penni
Batting: LHB Paco Rosas 0-0: Fly out, F8 (Flyball, 8LD)
Batting: LHB Jimmy Vickers 0-0: Called Strike
0-1: Ball
1-1: Ball
2-1: Foul Ball, location: 2F
2-2: Strikes out swinging
Batting: LHB Robert Moore 0-0: Ground out 4-3 (Groundball, 4MS)
Top of the 2nd over - 0 run(s), 0 hit(s), 0 error(s), 0 left on base; Greenville 1 - Fresno 1
BOTTOM OF THE 2ND
Fresno Deplorables batting - Pitching for Greenville 84s : LHP Darrell Harding
Batting: LHB Paul Mullins 0-0: Fly out, F7 (Flyball, 7D)
Batting: RHB Paco Arellano 0-0: Ball
1-0: Called Strike
1-1: Called Strike
1-2: Ball
2-2: Single, Error in OF, E8, batter to second base
Batting: LHB Keith Beard 0-0: Called Strike
0-1: Ground out U3 (Groundball, 34)
Paco Arellano to third
Batting: RHB Germán Rosales 0-0: Swinging Strike
0-1: Ball
1-1: Fly out, F8 (Flyball, 8RXD)
Bottom of the 2nd over - 0 run(s), 1 hit(s), 1 error(s), 1 left on base; Greenville 1 - Fresno 1
TOP OF THE 3RD
Greenville 84s batting - Pitching for Fresno Deplorables : RHP Dionisio Penni
Batting: RHB Robert Buckley 0-0: Called Strike
0-1: Foul Ball, location: 2F
0-2: SINGLE (Flyball, 89S)
Batting: RHB Vic Langlois 0-0: Fielders Choice at 2nd, 6-4 (Groundball, 6M)
Batting: RHB Carlos Torres 0-0: Ball
1-0: Foul Ball, location: 2F
1-1: Ball
2-1: Called Strike
2-2: Foul Ball, location: 2F
2-2: Fly out, F8 (Flyball, 8RD)
Batting: LHB Chris Moore 0-0: Foul Ball, location: 2F
0-1: Foul Ball, location: 2F
0-2: Ball
1-2: Foul Ball, location: 2F
1-2: Fielders Choice at 2nd, 4-6 (Groundball, 4)
Top of the 3rd over - 0 run(s), 1 hit(s), 0 error(s), 0 left on base; Greenville 1 - Fresno 1
BOTTOM OF THE 3RD
Fresno Deplorables batting - Pitching for Greenville 84s : LHP Darrell Harding
Batting: RHB Dani Vázquez 0-0: Ball
1-0: Ball
2-0: Ball
3-0: Base on Balls
Batting: RHB Aaron Scott 0-0: Ball
1-0: Called Strike
1-1: Ground out 4-3 (Groundball, 4MS)
Dani Vázquez to second
Batting: LHB Jeff Daniels 0-0: Ball
1-0: Ball
2-0: Ball
3-0: SINGLE (Line Drive, 56D)
Dani Vázquez to third
Batting: LHB Troy Donaldson 0-0: Called Strike
0-1: Ball
1-1: Foul Ball, location: 2F
1-2: Strikes out swinging
Batting: RHB Manolo Román 0-0: Ball
1-0: Fielders Choice at 2nd, 6-4 (Groundball, 6)
Bottom of the 3rd over - 0 run(s), 1 hit(s), 0 error(s), 1 left on base; Greenville 1 - Fresno 1
TOP OF THE 4TH
Greenville 84s batting - Pitching for Fresno Deplorables : RHP Dionisio Penni
Batting: RHB Enzo Díaz 0-0: Called Strike
0-1: Called Strike
0-2: Ball
1-2: Ball
2-2: Ground out U3 (Groundball, 34S)
Batting: LHB Brock Larsen 0-0: Called Strike
0-1: Ground out 1-3 (Groundball, 13)
Batting: LHB Paco Rosas 0-0: Called Strike
0-1: Ball
1-1: DOUBLE (Line Drive, 9LS) - OUT at third base trying to stretch hit.
Top of the 4th over - 0 run(s), 1 hit(s), 0 error(s), 0 left on base; Greenville 1 - Fresno 1
BOTTOM OF THE 4TH
Fresno Deplorables batting - Pitching for Greenville 84s : LHP Darrell Harding
Batting: LHB Paul Mullins 0-0: SOLO HOME RUN (Flyball, 9LD), Distance : 326 ft
Batting: RHB Paco Arellano 0-0: Ball
1-0: Called Strike
1-1: Foul Ball, location: 2F
1-2: Fly out, F8 (Flyball, 8RM)
Batting: LHB Keith Beard 0-0: Called Strike
0-1: Ball
1-1: Foul Ball, location: 2F
1-2: DOUBLE (Flyball, 8RD)
Batting: RHB Germán Rosales 0-0: Swinging Strike
0-1: Swinging Strike
0-2: Ball
1-2: Ball
2-2: Strikes out swinging
Batting: RHB Dani Vázquez 0-0: Ball
1-0: Swinging Strike
1-1: Fly out, F2 (Popup, 15)
Bottom of the 4th over - 1 run(s), 2 hit(s), 0 error(s), 1 left on base; Greenville 1 - Fresno 2
TOP OF THE 5TH
Greenville 84s batting - Pitching for Fresno Deplorables : RHP Dionisio Penni
Batting: LHB Jimmy Vickers 0-0: Ball
1-0: Ground out 6-3 (Groundball, 6MS)
Batting: LHB Robert Moore 0-0: Fly out, F7 (Flyball, 7)
Batting: RHB Robert Buckley 0-0: Called Strike
0-1: Ball
1-1: Foul Ball, location: 2F
1-2: Foul Ball, location: 2F
1-2: Strikes out swinging
Top of the 5th over - 0 run(s), 0 hit(s), 0 error(s), 0 left on base; Greenville 1 - Fresno 2
BOTTOM OF THE 5TH
Fresno Deplorables batting - Pitching for Greenville 84s : LHP Darrell Harding
Batting: RHB Aaron Scott 0-0: Foul Ball, location: 2F
0-1: SINGLE (Groundball, 4MD)
Batting: LHB Jeff Daniels 0-0: Called Strike
0-1: Called Strike
0-2: Ball
1-2: SINGLE (Groundball, 34D)
Aaron Scott to second
Runner from 2nd tries for 3rd, SAFE, throw made to third
Batting: LHB Troy Donaldson 0-0: Ball
1-0: Called Strike
1-1: DOUBLE (Line Drive, 89XD)
Aaron Scott scores
Jeff Daniels to third
Batting: RHB Manolo Román 0-0: Intentional Walk
Batting: LHB Paul Mullins 0-0: Foul Ball, location: 2F
0-1: Called Strike
0-2: Foul Ball, location: 2F
0-2: Foul Ball, location: 2F
0-2: Strikes out swinging
Batting: RHB Paco Arellano 0-0: Ball
1-0: Ball
2-0: Called Strike
2-1: Foul Ball, location: 2F
2-2: Foul Ball, location: 2F
2-2: Ball
3-2: Fly out, F6 (Popup, 6D)
Batting: LHB Keith Beard 0-0: Ball
1-0: Fly out, F9 (Line Drive, 9LM)
Bottom of the 5th over - 1 run(s), 3 hit(s), 0 error(s), 3 left on base; Greenville 1 - Fresno 3
TOP OF THE 6TH
Greenville 84s batting - Pitching for Fresno Deplorables : RHP Dionisio Penni
Batting: RHB Vic Langlois 0-0: Ball
1-0: Swinging Strike
1-1: Swinging Strike
1-2: Strikes out looking
Batting: RHB Carlos Torres 0-0: Foul Ball, location: 2F
0-1: Foul Ball, location: 2F
0-2: Ball
1-2: Foul Ball, location: 2F
1-2: Ball
2-2: Foul Ball, location: 2F
2-2: Ball
3-2: Foul Ball, location: 2F
3-2: Foul Ball, location: 2F
3-2: SINGLE (Groundball, 6M) (infield hit)
Batting: LHB Chris Moore 0-0: Ball
1-0: Ball
Carlos Torres steals 2nd base
2-0: Called Strike
2-1: Fly out, F3 (Line Drive, 34)
Batting: RHB Enzo Díaz 0-0: Foul Ball, location: 2F
0-1: Foul Ball, location: 2F
0-2: Foul Ball, location: 2F
0-2: Foul Ball, location: 2F
0-2: SINGLE (Line Drive, 4D)
Carlos Torres to third
Runner from 3rd tries for Home, SAFE, no throw
Batting: LHB Brock Larsen 0-0: Ball
1-0: Ball
2-0: Called Strike
2-1: DOUBLE (Flyball, 8RXD)
Enzo Díaz to third
Batting: LHB Paco Rosas 0-0: Ball
1-0: Called Strike
1-1: Ball
2-1: DOUBLE (Flyball, 89XD)
Enzo Díaz scores
Brock Larsen scores
Batting: LHB Jimmy Vickers 0-0: Called Strike
0-1: Ball
1-1: Ball
2-1: Fly out, F2 (Popup, 23)
Top of the 6th over - 3 run(s), 4 hit(s), 0 error(s), 1 left on base; Greenville 4 - Fresno 3
BOTTOM OF THE 6TH
Fresno Deplorables batting - Pitching for Greenville 84s : LHP Darrell Harding
Pitching: RHP Tomás González
Batting: RHB Germán Rosales 0-0: Called Strike
0-1: Ball
1-1: Fly out, F8 (Flyball, 8RM)
Batting: RHB Dani Vázquez 0-0: Ball
1-0: Called Strike
1-1: Swinging Strike
1-2: Foul Ball, location: 2F
1-2: Foul Ball, location: 2F
1-2: Fly out, F8 (Line Drive, 8RM)
Batting: RHB Aaron Scott 0-0: Ball
1-0: Ball
2-0: Ball
3-0: Base on Balls
Batting: LHB Jeff Daniels 0-0: Ball
1-0: Ball
2-0: Ball
3-0: Base on Balls
Aaron Scott to second
Batting: LHB Troy Donaldson 0-0: Ball
1-0: Ball
2-0: Fly out, F9 (Flyball, 89M)
Bottom of the 6th over - 0 run(s), 0 hit(s), 0 error(s), 2 left on base; Greenville 4 - Fresno 3
TOP OF THE 7TH
Greenville 84s batting - Pitching for Fresno Deplorables : RHP Dionisio Penni
Batting: LHB Robert Moore 0-0: Ball
1-0: Foul Ball, location: 2F
1-1: SOLO HOME RUN (Flyball, 89XD), Distance : 424 ft
Batting: RHB Robert Buckley 0-0: Ball
1-0: Ball
2-0: Called Strike
2-1: Swinging Strike
2-2: SINGLE (Groundball, 6D)
Batting: RHB Vic Langlois 0-0: Sac Bunt - play at first, batter OUT! 5-3
Robert Buckley to second
Batting: RHB Carlos Torres 0-0: Swinging Strike
0-1: Ball
1-1: Foul Ball, location: 2F
1-2: Strikes out looking
Batting: LHB Chris Moore 0-0: Called Strike
0-1: Foul Ball, location: 2F
0-2: Ball
1-2: Foul Ball, location: 2F
1-2: Foul Ball, location: 2F
1-2: Foul Ball, location: 2F
1-2: Ball
2-2: Foul Ball, location: 2F
2-2: Strikes out swinging
Top of the 7th over - 1 run(s), 2 hit(s), 0 error(s), 1 left on base; Greenville 5 - Fresno 3
BOTTOM OF THE 7TH
Fresno Deplorables batting - Pitching for Greenville 84s : RHP Tomás González
Batting: RHB Manolo Román 0-0: Foul Ball, location: 2F
0-1: Ball
1-1: Ball
2-1: Ground out 6-3 (Groundball, 6D)
Batting: LHB Paul Mullins 0-0: Ball
1-0: Foul Ball, location: 2F
1-1: Foul Ball, location: 2F
1-2: Ball
2-2: Fly out, F7 (Flyball, 7LM)
Batting: RHB Paco Arellano 0-0: Called Strike
0-1: Ball
1-1: Fly out, F8 (Flyball, 8LS)
Bottom of the 7th over - 0 run(s), 0 hit(s), 0 error(s), 0 left on base; Greenville 5 - Fresno 3
TOP OF THE 8TH
Greenville 84s batting - Pitching for Fresno Deplorables : RHP Dionisio Penni
Pitching: RHP César Menéndez
Batting: RHB Enzo Díaz 0-0: Ball
1-0: Ball
2-0: Ball
3-0: Called Strike
3-1: Called Strike
3-2: Strikes out looking
Batting: LHB Brock Larsen 0-0: Called Strike
0-1: Called Strike
0-2: Ball
1-2: Strikes out looking
Batting: LHB Paco Rosas 0-0: Ball
1-0: Ball
2-0: Fly out, F9 (Line Drive, 89D)
Top of the 8th over - 0 run(s), 0 hit(s), 0 error(s), 0 left on base; Greenville 5 - Fresno 3
BOTTOM OF THE 8TH
Fresno Deplorables batting - Pitching for Greenville 84s : RHP Tomás González
Batting: LHB Keith Beard 0-0: Ball
1-0: Ball
2-0: Called Strike
2-1: Ground out 4-3 (Groundball, 4)
Batting: RHB Germán Rosales 0-0: Ball
1-0: Ground out 4-3 (Groundball, 4)
Batting: RHB Dani Vázquez 0-0: Called Strike
0-1: Foul Ball, location: 2F
0-2: Foul Ball, location: 2F
0-2: Ball
1-2: Foul Ball, location: 2F
1-2: Ball
2-2: Ball
3-2: SINGLE (Line Drive, 89S)
Pitching: RHP Robinson Gonzáles
Batting: RHB Aaron Scott 0-0: Ball
1-0: Ball
2-0: Foul Ball, location: 2F
2-1: Ground out 6-3 (Groundball, 56)
Bottom of the 8th over - 0 run(s), 1 hit(s), 0 error(s), 1 left on base; Greenville 5 - Fresno 3
TOP OF THE 9TH
Greenville 84s batting - Pitching for Fresno Deplorables : RHP César Menéndez
Pitching: LHP Valentín Reséndez
Batting: LHB Jimmy Vickers 0-0: Foul Ball, location: 2F
0-1: SINGLE (Groundball, 23) (infield hit)
Batting: LHB Robert Moore 0-0: Bunted foul
0-1: Sac Bunt - play at second, runner OUT! 1-6
Batting: RHB Robert Buckley 0-0: Called Strike
0-1: Grounds into double play, 6-4-3 (Groundball, 6)
Top of the 9th over - 0 run(s), 1 hit(s), 0 error(s), 0 left on base; Greenville 5 - Fresno 3
BOTTOM OF THE 9TH
Fresno Deplorables batting - Pitching for Greenville 84s : RHP Robinson Gonzáles
Pitching: LHP Francisco Ríos
Batting: LHB Jeff Daniels 0-0: Ball
1-0: Foul Ball, location: 2F
1-1: Foul Ball, location: 2F
1-2: Foul Ball, location: 2F
1-2: Ball
2-2: Fly out, F7 (Flyball, 78M)
Batting: LHB Troy Donaldson 0-0: Fly out, F8 (Flyball, 8LM)
Batting: RHB Manolo Román 0-0: Ball
1-0: Ball
2-0: Foul Ball, location: 2F
2-1: Ball
3-1: Base on Balls
Pinch Runner at 1st John Cotton:
Pinch Hitting: RHB Lawrence Yates 0-0: Ball
1-0: Ball
2-0: Ball
3-0: Called Strike
3-1: Called Strike
3-2: Foul Ball, location: 2F
3-2: Base on Balls
John Cotton to second
Batting: RHB Paco Arellano 0-0: Swinging Strike
0-1: Ball
1-1: Ball
2-1: Ball
3-1: Called Strike
3-2: Strikes out swinging
Bottom of the 9th over - 0 run(s), 0 hit(s), 0 error(s), 2 left on base; Greenville 5 - Fresno 3
Thursday, March 30th, 2017 - OOTP Baseball 17.12 Build 75